 Dungeon Crawl Stone Soup version 0.30.1-11-g7821555f0a (webtiles) character file.

Game seed: 14473354311414399692

5907 MrIGI the Grappler (level 10, -3/100 HPs)
             Began as a Troll Fighter on Dec 22, 2023.
             Was a Follower of Wu Jian.
             Slain by a catoblepas (11 damage)
             ... on level 1 of the Lair of Beasts.
             The game lasted 00:28:23 (7134 turns).

MrIGI the Grappler (Troll Fighter)                  Turns: 7134, Time: 00:28:23

Health: -3/100     AC:  5    Str: 28    XL:     10   Next: 53%
Magic:  0/9        EV:  5    Int:  4    God:    Wu Jian [*.....]
Gold:   377        SH:  9    Dex: 11    Spells: 9/9 levels left

rFire   . .          .
                       - Unarmed
rCold   . . .        b - +0 kite shield
rNeg    + . .        u - +1 robe "Xotahoo" {rElec rPois rN+}
rPois   +            (helmet restricted)
rElec   +            (no cloak)
rCorr   .            (gloves unavailable)
SInv    .            (boots unavailable)
Will    .....        x - amulet of guardian spirit
Stlth   +            H - ring of flight
HPRegen 1.16/turn    (no ring)
MPRegen 0.11/turn

%: guardian spirit
@: about to teleport, petrifying, flying, very slow
A: large, unfitting armour, claws 3, regeneration 1, shaggy fur 1, tough skin 1
a: Renounce Religion


You were on level 1 of the Lair of Beasts.
You worshipped Wu Jian.
Wu Jian was aware of your devotion.
You visited 3 branches of the dungeon, and saw 11 of its levels.

You collected 425 gold pieces.
You spent 48 gold pieces at shops.

Inventory:

Hand Weapons
 p - the +10 long sword of Hard Scrabble {heavy, Str+2}
   (You found it on level 3 of the Dungeon)

   Str:       It affects your strength (+2).
 r - a +2 spectral club
Missiles
 J - 2 poisoned darts (quivered)
 K - 2 javelins
Armour
 a - a +0 robe
 b - a +0 kite shield (worn)
 u - the +1 robe "Xotahoo" (worn) {rElec rPois rN+}
   (You found it on level 3 of the Dungeon)

   rElec:     It insulates you from electricity.
   rPois:     It protects you from poison.
   rN:        It protects you from negative energy.
Jewellery
 x - an amulet of guardian spirit (around neck)
 H - a ring of flight (left claw)
Wands
 q - a wand of polymorph (8)
 A - a wand of paralysis (9)
 B - a wand of flame (22)
 D - a wand of roots (7)
 G - a wand of mindburst (15)
Scrolls
 f - a scroll of teleportation
 h - 2 scrolls of enchant armour
 i - 4 scrolls of immolation
 l - 2 scrolls of blinking {unknown}
 m - 3 scrolls of fog
 o - a scroll of noise {unknown}
 t - 2 scrolls of fear
 w - a scroll of brand weapon {unknown}
 y - a scroll of poison {unknown}
 E - a scroll of amnesia {unknown}
Potions
 c - 2 potions of might
 d - 4 potions of curing
 e - 2 potions of lignification
 g - 2 potions of haste
 j - 4 potions of degeneration
 k - a potion of brilliance {unknown}
 n - a potion of cancellation {unknown}
 v - 2 potions of ambrosia {unknown}
 z - a potion of mutation {unknown}
 C - a potion of berserk rage {unknown}
 F - a potion of magic {unknown}
 I - a potion of heal wounds {unknown}


   Skills:
 + Level 6.6 Fighting
 - Level 5.0 Dodging
 + Level 7.2 Shields
 * Level 10.6 Unarmed Combat
 - Level 2.3 Evocations


You had 9 spell levels left.
You didn't know any spells.
Your spell library contained the following spells:

 Spells                   Type           Power      Damage    Failure   Level
 Kiss of Death            Conj/Necr      0%         2d5       69%         1
 Call Canine Familiar     Summ           0%         N/A       96%         3
 Confusing Touch          Hex            0%         N/A       96%         3
 Portal Projectile        Hex/Tloc       0%         N/A       96%         3
 Dispel Undead            Necr           0%         3d6       100%        4
 Leda's Liquefaction      Hex/Erth       0%         N/A       100%        4


Dungeon Overview and Level Annotations

Branches:
Dungeon (8/15)             Temple (1/1) D:7            Lair (2/5) D:8
  Swamp: Lair:2-3    Shoals: Lair:2-3     Snake: Lair:2-3    Spider: Lair:2-3

Altars:
Ashenzari
Cheibriados
Dithmenos
Elyvilon
Fedhas
Hepliaklqana
Kikubaaqudgha
Makhleb
Okawaru
Ru
Sif Muna
Trog
Uskayaw
Vehumet
Wu Jian
Xom
Yredelemnul
Zin
The Shining One

Shops:
D:3 *

Annotations:
D:8 Maurice
Lair:2 Maggie


Innate Abilities, Weirdness & Mutations

You are too large for most types of armour.
You have claws for hands.
Your natural rate of healing is unusually fast.
You are covered in fur. (AC +1)
You have tough skin. (AC +1)


Message History

You mangle the catoblepas!!
The catoblepas is almost dead.
The catoblepas breathes a plume of calcifying dust at you.
The blast of calcifying dust hits you.
Your limbs are stiffening.
Okay, then.
You claw the catoblepas!
The catoblepas is almost dead.
You are engulfed in calcifying dust.
Your limbs have turned to stone.
The catoblepas breathes a plume of calcifying dust at you.
The blast of calcifying dust hits you.
You have turned to stone.
You are engulfed in calcifying dust.
The catoblepas gores you but does no damage.
You are engulfed in calcifying dust.
The catoblepas gores you!!
* * * LOW HITPOINT WARNING * * *
The catoblepas gores you.
* * * LOW HITPOINT WARNING * * *
The catoblepas breathes a plume of calcifying dust at you.
The blast of calcifying dust hits you!
* * * LOW HITPOINT WARNING * * *
You are engulfed in calcifying dust.
The catoblepas breathes a plume of calcifying dust at you.
The blast of calcifying dust hits you!
* * * LOW HITPOINT WARNING * * *
You are engulfed in calcifying dust.
The catoblepas gores you but does no damage.
You are engulfed in calcifying dust.
The catoblepas breathes a plume of calcifying dust at you.
The blast of calcifying dust hits you.
* * * LOW HITPOINT WARNING * * *
You turn to flesh and can move again.
As you read the scroll of teleportation, it crumbles to dust.
You feel strangely unstable.
You are engulfed in calcifying dust.
You are slowing down.
The catoblepas gores you.
You scratch the catoblepas but do no damage.
The catoblepas is almost dead.
The catoblepas gores you!!
* * * LOW HITPOINT WARNING * * *
The catoblepas gores you!!
You die...

#.### ##..## #### ## #...#
#..#### ##..## #.....##
#...# # ##......## #...#≈#
#........# ###..#≈###
##.......# #.#...≈..#
P#.......# ###Y....~).#
†.......## ##.@>....~..#
.........# ##.......###..#
........#####.§..........##
.###.......##§..........##
$##.###.....§...........#
..## #####.............# .P
####..........# ..
..P........# .######..#..P


You could see a catoblepas.

Vanquished Creatures
  An elephant (D:8)
  A cane toad (Lair:2)
  4 komodo dragons
  A polar bear (Lair:1)
  A wyvern (D:7)
  2 basilisks (D:8)
  A steam dragon (D:8)
  5 water moccasins
  3 sky beasts
  A hornet zombie (D:8)
  2 ogres
  An orc warrior (D:8)
  A black bear (Lair:2)
  5 wolves (Lair:1)
  A centaur (D:8)
  5 bullfrogs
  A scorpion (D:5)
  4 wights (D:7)
  An electric eel (Lair:2)
  3 howler monkeys
  3 hounds
  5 orc priests
  4 iguanas
  A gnoll bouda (D:7)
  Ijyb (D:3)
  10 orc wizards
  2 howler monkey zombies (D:8)
  13 gnolls
  14 adders
  An ufetubus (D:6)
  A worm (D:2)
  2 dart slugs
  31 orcs
  12 ball pythons
  3 bats
  5 endoplasms
  A giant cockroach (D:3)
  5 goblins
  8 hobgoblins
  3 quokkas
  5 frilled lizards
  8 kobolds
  3 rats
185 creatures vanquished.

Notes
Turn   | Place    | Note
-------+----------+-------------------------------------------
     0 | D:1      | MrIGI the Troll Fighter began the quest for the Orb.
     0 | D:1      | Reached XP level 1. HP: 22/22 MP: 0/0
   242 | D:1      | Reached XP level 2. HP: 23/29 MP: 1/1
   745 | D:2      | Reached XP level 3. HP: 24/36 MP: 2/2
   789 | D:2      | Found a faded altar of an unknown god.
  1037 | D:2      | Reached skill level 3 in Unarmed Combat
  1138 | D:2      | Reached XP level 4. HP: 35/44 MP: 3/3
  1691 | D:3      | Identified the +10 long sword of Hard Scrabble {heavy,
                  | Str+2}
  1755 | D:3      | Reached XP level 5. HP: 53/53 MP: 4/4
  1807 | D:3      | Noticed Ijyb
  1825 | D:3      | Killed Ijyb
  1981 | D:3      | Found a transporter.
  1982 | D:3      | Found Pupumur's General Store.
  1984 | D:3      | Found a transporter.
  1989 | D:3      | Bought a scroll of fear for 48 gold pieces
  2032 | D:3      | Identified the +1 robe "Xotahoo" {rElec rPois rN+}
  2755 | D:4      | Reached skill level 4 in Unarmed Combat
  3004 | D:4      | Reached XP level 6. HP: 61/61 MP: 5/5
  3235 | D:5      | Entered Level 5 of the Dungeon
  3276 | D:5      | Found a snail-covered altar of Cheibriados.
  3607 | D:5      | Reached skill level 5 in Unarmed Combat
  3608 | D:5      | Reached XP level 7. HP: 67/67 MP: 6/6
  3655 | D:5      | Found a white marble altar of Elyvilon.
  3662 | D:5      | Found an iron altar of Okawaru.
  3665 | D:5      | Found a burning altar of Makhleb.
  3665 | D:5      | Found a glowing silver altar of Zin.
  3672 | D:5      | Found an ancient bone altar of Kikubaaqudgha.
  3843 | D:5      | Found a basalt altar of Yredelemnul.
  4086 | D:6      | Reached skill level 6 in Unarmed Combat
  4111 | D:6      | Reached XP level 8. HP: 76/78 MP: 7/7
  4430 | D:6      | Found a shimmering blue altar of Sif Muna.
  4698 | D:7      | Reached skill level 5 in Shields
  4772 | D:7      | Reached skill level 7 in Unarmed Combat
  4821 | D:7      | Found a staircase to the Ecumenical Temple.
  4850 | Temple   | Entered the Ecumenical Temple
  4870 | Temple   | Became a worshipper of the Wu Jian Council
  5627 | D:8      | Noticed an elephant
  5628 | D:8      | Found a staircase to the Lair.
  5646 | D:7      | Reached skill level 5 in Fighting
  5646 | D:7      | Reached skill level 5 in Dodging
  5646 | D:7      | Reached XP level 9. HP: 60/88 MP: 3/8
  5879 | D:8      | Reached skill level 8 in Unarmed Combat
  6005 | D:8      | Reached skill level 1 in Evocations
  6064 | D:8      | HP: 4/88 [elephant (16)]
  6067 | D:8      | Killed an elephant
  6169 | D:8      | Reached * piety under Wu Jian
  6170 | D:8      | Reached skill level 9 in Unarmed Combat
  6194 | D:8      | Noticed Maurice
  6260 | Lair:1   | Entered Level 1 of the Lair of Beasts
  6315 | Lair:1   | Noticed a polar bear
  6325 | Lair:1   | Killed a polar bear
  6372 | Lair:1   | Reached XP level 10. HP: 98/98 MP: 9/9
  6377 | Lair:2   | Noticed Maggie
  6478 | Lair:2   | Noticed a cane toad
  6551 | Lair:1   | Reached skill level 10 in Unarmed Combat
  6609 | Lair:2   | Killed a cane toad
  7023 | Lair:2   | Noticed a catoblepas
  7061 | Lair:2   | Noticed a black mamba
  7134 | Lair:1   | Slain by a catoblepas

Illustrated notes

Levels and vault maps discovered:
D:1:      minmay_arrival_nine_rooms, layout_basic
D:2:      layout_loops_ring, nicolae_ecumenical_snake_handling
D:3:      layout_basic, serial_shops, nicolae_shop_drivethru,
          dreamdust_princess_bridge, nicolae_figureground_pulse, uniq_ijyb
D:4:      layout_basic
D:5:      layout_loops_cross, lemuel_crystal_altar,
          nicolae_overflow_hallway_of_the_gods, mainiacjoe_overflow_brackets,
          grunt_decor_cap
D:6:      layout_rooms, mainiacjoe_overflow_alcove_4, minmay_misc_feat_alley,
          grunt_ministairs_4, kennysheep_decorative_pillar, minmay_misc_feat_x
D:7:      layout_basic, temple_pool_b
D:8:      layout_rooms, grunt_gozag_breadcrumbs, david_lair_generic,
          serial_undead, serial_undead_e, serial_undead_d, serial_undead_c,
          serial_undead_d, hangedman_decor_opposing, kennysheep_generic_room_13,
          uniq_maurice
Temple:   minmay_temple_bridge_abc
Lair:1:   layout_cave_pods, minivault_24, chequers_serial_rivers_micro_b,
          minivault_27, grunt_megastairs_2
Lair:2:   layout_long_grid, gauntlet_entry_generic, infiniplex_staircase_pool,
          grunt_megastairs_1, uniq_maggie

Skill      XL: |  1  2  3  4  5  6  7  8  9 10 |
---------------+-------------------------------+-----
Shields        | 3 4 5 6 7 |  7.2
Unarmed Combat | 3 4 5 6 7 9 10 | 10.6
Fighting       | 3 4 5 6 |  6.6
Dodging        | 3 4 5 |  5.0
Evocations     | 2 |  2.3

Action                     |  1- 3 |  4- 6 |  7- 9 | 10-12 || total
---------------------------+-------+-------+-------+-------++-------
  Melee: Unarmed           |   111 |   192 |   289 |    85 ||   677
  Throw: Javelin           |       |       |       |     2 ||     2
Ability: Lunge             |       |       |     7 |     2 ||     9
         Whirlwind         |       |       |       |     3 ||     3
    Use: Scroll            |       |     3 |     3 |     2 ||     8
         Potion            |       |       |     1 |       ||     1
   Stab: Sleeping          |     1 |       |       |       ||     1
 Armour: Robe              |    34 |    40 |    64 |     9 ||   147
         Skin              |       |     3 |       |       ||     3
  Dodge: Dodged            |    41 |    78 |   114 |    30 ||   263
  Block: Kite shield       |    51 |    68 |   134 |    32 ||   285
